 Dungeon Crawl Stone Soup version 0.23.2-33-g5129a83184 (webtiles) character file.

Game seed: 11396421195491311094

171 Gwenloh the Sneak (level 5, -11/24 HPs)
             Began as a Vine Stalker Enchanter on July 17, 2019.
             Mangled by an ogre
             ... wielding a +0 giant club
              (14 damage)
             ... on level 3 of the Dungeon.
             The game lasted 00:17:52 (3249 turns).

Gwenloh the Sneak (Vine Stalker Enchanter)          Turns: 3249, Time: 00:17:52

Health: -11/24     AC:  2    Str: 11    XL:     5   Next: 51%
Magic:  0/10       EV: 13    Int: 16    God:
Gold:   221        SH:  0    Dex: 14    Spells: 4/10 levels left

rFire    . . .     SeeInvis .   g - +5 short sword
rCold    . . .     Gourm    .   (no shield)
rNeg     . . .     Faith    .   b - +0 robe
rPois    .         Spirit   +   (no helmet)
rElec    .         Reflect  .   (no cloak)
rCorr    .         Harm     .   (no gloves)
MR       .....                  (no boots)
Stlth    +++.......             (no amulet)
HPRegen  0.48/turn              (no ring)
MPRegen  0.12/turn              (no ring)

@: no status effects
A: fangs 2, regeneration 1, magic shield, antimagic bite, no potion heal 3, rot
immunity
a: no special abilities


You were on level 3 of the Dungeon.
You were not hungry.

You visited 1 branch of the dungeon, and saw 4 of its levels.

You collected 221 gold pieces.

Inventory:

Hand Weapons
 a - a +1 dagger
 g - a +5 short sword (weapon)
Missiles
 c - 18 sling bullets
 e - 119 stones (quivered)
Armour
 b - a +0 robe (worn)
Scrolls
 k - a scroll of enchant armour {unknown}
 n - a scroll of remove curse
Potions
 h - a potion of invisibility {unknown}
 i - 2 potions of flight {unknown}
 j - a potion of resistance {unknown}
 m - a potion of brilliance {unknown}
 o - 2 potions of might {unknown}
 p - a potion of curing {unknown}
Comestibles
 d - 6 rations
 f - 2 chunks of flesh


   Skills:
 * Level 2.0 Short Blades
 * Level 2.4 Dodging
 * Level 4.7 Stealth
 * Level 3.0 Spellcasting
 * Level 3.7 Hexes
 + Level 1.0 Ice Magic


You had 4 spell levels left.
You knew the following spells:

 Your Spells              Type           Power        Failure   Level  Hunger
a - Corona                Hex            ##.....      4%          1    #......
b - Ensorcelled Hibernat  Hex/Ice        ##....       11%         2    ##.....
c - Confuse               Hex            ##......     12%         3    ###....

Your spell library contained the following spells:

 Spells                   Type           Power        Failure   Level  Hunger
 Tukima's Dance           Hex            ##......     12%         3    ###....
 Dazzling Spray           Conj/Hex       #.....       26%         3    ###....


Dungeon Overview and Level Annotations

Branches:
Dungeon (4/15)
 Temple: D:4-7

Altars:
Nemelex Xobeh
Wu Jian
Zin

Shops:
D:4 *


Innate Abilities, Weirdness & Mutations

You have extremely sharp teeth.
Your natural rate of healing is unusually fast.
When hurt, damage is shared between your health and your magic reserves.
Your bite disrupts and absorbs the magic of your enemies.
Potions cannot restore your health.
You are immune to rotting.


Message History

The ogre misses you.
There is a stone staircase leading up here.
The ogre barely misses you.
You climb upwards.
There is a stone staircase leading down here.
Casting: Ensorcelled Hibernation (safe; 11% risk of failure)
Confirm with . or Enter, or press ? or * to list all spells.
Aiming: Ensorcelled Hibernation (safe; 11% risk of failure)
Press: ? - help, Shift-Dir - straight line, f - ogre
Aim: an ogre, wielding a +0 giant club (chance to defeat MR: 41%)
The ogre looks drowsy...
The ogre shouts!
The ogre hits you with a +0 giant club!!
Ouch! That really hurt!
* * * LOW HITPOINT WARNING * * *
You hit the ogre. You bite the ogre. You drain its power.
You feel invigorated.
The ogre is moderately wounded.
The ogre hits you with a +0 giant club!!
Ouch! That really hurt!
You die...

######### #.......# #>...####
#######
####.#....##############..)...
#............@O...............
#.#####.#.##########......[...
#.#####.....oo.....#.#........
###.........#####o.....#........
#............# #......#........
#............# #......#........
#......))....# ####...#........
#............## #####........
##.............# ####..######


You could see an ogre.

Vanquished Creatures
  An orc wizard (D:1)
  A worker ant (D:4)
  A hound skeleton (D:4)
  2 adders
  An ooze (D:3)
  4 worms
  3 leopard geckos
  2 orcs
  2 giant cockroaches
  12 goblins
  9 hobgoblins
  A quokka (D:3)
  2 ball pythons (D:3)
  10 bats
  6 frilled lizards
  7 kobolds
  9 rats
73 creatures vanquished.

Notes
Turn   | Place    | Note
-------+----------+-------------------------------------------
     0 | D:1      | Gwenloh the Vine Stalker Enchanter began the quest for the
                  | Orb.
     0 | D:1      | Reached XP level 1. HP: 9/9 MP: 4/4
    84 | D:1      | Reached skill level 1 in Short Blades
    91 | D:1      | Reached XP level 2. HP: 12/13 MP: 4/6
   136 | D:1      | Learned a level 2 spell: Ensorcelled Hibernation
   574 | D:1      | Reached skill level 4 in Stealth
   964 | D:1      | Reached XP level 3. HP: 3/16 MP: 1/7
  1342 | D:2      | Found an ornate altar of the Wu Jian Council.
  1950 | D:2      | Gained mutation: Your natural rate of healing is unusually
                  | fast. [Vine Stalker growth]
  1950 | D:2      | Reached XP level 4. HP: 21/21 MP: 8/8
  2113 | D:2      | HP: 1/21 [orc priest/divine providence (11)]
  2308 | D:2      | Found a glowing silver altar of Zin.
  2398 | D:3      | Found a sparkling altar of Nemelex Xobeh.
  2620 | D:3      | Reached XP level 5. HP: 18/24 MP: 10/10
  2841 | D:3      | Found a faded altar of an unknown god.
  3141 | D:4      | Learned a level 3 spell: Confuse
  3150 | D:4      | Reached skill level 1 in Ice Magic
  3193 | D:4      | Found Figgeon's General Store.
  3196 | D:4      | Noticed an ogre
  3249 | D:3      | Mangled by an ogre

Skill      XL: |  1  2  3  4  5 |
---------------+----------------+-----
Short Blades   | 1 2 |  2.0
Stealth        | 4 |  4.7
Dodging        | 2 |  2.4
Spellcasting   | 3 |  3.0
Ice Magic      | 1 |  1.0
Hexes          | |  3.7

Action                   |  1- 3 |  4- 6 || total
-------------------------+-------+-------++-------
Melee: Dagger            |    87 |       ||    87
       Bite              |    12 |    21 ||    33
       Short sword       |    12 |    71 ||    83
 Cast: Corona            |     8 |     1 ||     9
       Ensorcelled Hiber |     2 |    13 ||    15
  Use: Scroll            |     5 |     2 ||     7
 Stab: Sleeping          |    11 |     7 ||    18
       Distracted        |       |     1 ||     1
  Eat: Chunk             |     3 |     5 ||     8
Armor: Robe              |    13 |     9 ||    22
Dodge: Dodged            |    71 |    54 ||   125
